TOP OF THE 1ST |
---|
Greenville 84s batting - Pitching for Springfield Stars : LHP José López | Pitching: LHP José López | | Batting: RHB Carlos Torres | 0-0: Foul Ball, location: 2F 0-1: Fly out, F7 (Flyball, 7LSF) | Batting: LHB Paco Rosas | 0-0: Foul Ball, location: 2F 0-1: Ball 1-1: Swinging Strike 1-2: Foul Ball, location: 2F 1-2: Fly out, F8 (Line Drive, 8RD) | Batting: RHB Enzo Díaz | 0-0: Ball 1-0: Foul Ball, location: 2F 1-1: Ball 2-1: Foul Ball, location: 2F 2-2: Fly out, F4 (Popup, 4MD) | Top of the 1st over - 0 runs, 0 hits, 0 errors, 0 left on base; Greenville 0 - Springfield 0 | BOTTOM OF THE 1ST |
---|
Springfield Stars batting - Pitching for Greenville 84s : LHP Darrell Harding | Pitching: LHP Darrell Harding | | Batting: LHB Jesús Tobías | 0-0: Ball 1-0: Called Strike 1-1: Foul Ball, location: 2F 1-2: Ground out 4-3 (Groundball, 4M) | Batting: LHB Derek Davidson | 0-0: Called Strike 0-1: Ball 1-1: Foul Ball, location: 2F 1-2: Ball 2-2: Foul Ball, location: 2F 2-2: SOLO HOME RUN (Line Drive, 9LD), Distance : 363 ft | Batting: RHB Norberto Taváres | 0-0: Foul Ball, location: 2F 0-1: Ball 1-1: Ball 2-1: Ball 3-1: Foul Ball, location: 2F 3-2: Ground out U3 (Groundball, 34) | Batting: LHB Felipe Guerrero | 0-0: Called Strike 0-1: Foul Ball, location: 2F 0-2: Ball 1-2: Ball 2-2: Foul Ball, location: 2F 2-2: Foul Ball, location: 2F 2-2: Strikes out swinging | Bottom of the 1st over - 1 run, 1 hit, 0 errors, 0 left on base; Greenville 0 - Springfield 1 | TOP OF THE 2ND |
---|
Greenville 84s batting - Pitching for Springfield Stars : LHP José López | Batting: LHB Juan Cortés | 0-0: Ball 1-0: Fly out, F9 (Flyball, 9S) | Batting: LHB Brock Larsen | 0-0: Ground out 1-3 (Groundball, 13S) | Batting: LHB Jimmy Vickers | 0-0: Ground out U3 (Groundball, 3) | Top of the 2nd over - 0 runs, 0 hits, 0 errors, 0 left on base; Greenville 0 - Springfield 1 | BOTTOM OF THE 2ND |
---|
Springfield Stars batting - Pitching for Greenville 84s : LHP Darrell Harding | Batting: LHB Elliott Newell | 0-0: DOUBLE (Line Drive, 7D) | Batting: SHB António De La Cruz | 0-0: Ball 1-0: Foul Ball, location: 2F 1-1: Ball 2-1: SINGLE (Groundball, 56D) Elliott Newell to third Runner from 3rd tries for Home, SAFE, throw made home António De La Cruz to second | Batting: RHB Richard Bankhead | 0-0: Ball 1-0: Foul Ball, location: 2F 1-1: Ball 2-1: Swinging Strike 2-2: Ball 3-2: Base on Balls | Batting: RHB Juan Carlos Rodríguez | 0-0: Swinging Strike 0-1: Called Strike 0-2: Ball 1-2: Foul Ball, location: 2F 1-2: Strikes out swinging | Batting: RHB Gabriel Erwin | 0-0: Ball 1-0: Swinging Strike 1-1: Foul Ball, location: 2F 1-2: Foul Ball, location: 2F 1-2: Strikes out swinging | Batting: LHB Jesús Tobías | 0-0: Ball 1-0: Ball 2-0: Ball 3-0: Base on Balls António De La Cruz to third Richard Bankhead to second | Batting: LHB Derek Davidson | 0-0: Ball 1-0: Ball 2-0: Swinging Strike 2-1: Ball 3-1: Base on Balls António De La Cruz scores Richard Bankhead to third Jesús Tobías to second | Batting: RHB Norberto Taváres | 0-0: Ball 1-0: Foul Ball, location: 2F 1-1: Foul Ball, location: 2F 1-2: Foul Ball, location: 2F 1-2: Foul Ball, location: 2F 1-2: Ball 2-2: Ball 3-2: SINGLE (Line Drive, 3) Richard Bankhead scores Jesús Tobías to third Derek Davidson to second Jesús Tobías scores Derek Davidson to third | Batting: LHB Felipe Guerrero | 0-0: Ball 1-0: Fly out, F8 (Flyball, 8RXD) | Bottom of the 2nd over - 4 runs, 3 hits, 0 errors, 2 left on base; Greenville 0 - Springfield 5 | TOP OF THE 3RD |
---|
Greenville 84s batting - Pitching for Springfield Stars : LHP José López | Batting: RHB Robert Buckley | 0-0: Ball 1-0: Foul Ball, location: 2F 1-1: Foul Ball, location: 2F 1-2: Strikes out swinging | Batting: RHB Casey Fox | 0-0: Foul Ball, location: 2F 0-1: Fly out, F9 (Flyball, 9) | Batting: LHB Chris Moore | 0-0: Called Strike 0-1: Foul Ball, location: 2F 0-2: Strikes out swinging | Top of the 3rd over - 0 runs, 0 hits, 0 errors, 0 left on base; Greenville 0 - Springfield 5 | BOTTOM OF THE 3RD |
---|
Springfield Stars batting - Pitching for Greenville 84s : LHP Darrell Harding | Batting: LHB Elliott Newell | 0-0: Called Strike 0-1: Ball 1-1: Ball 2-1: Ball 3-1: Called Strike 3-2: Strikes out looking | Batting: SHB António De La Cruz | 0-0: Ball 1-0: Ball 2-0: Fly out, F9 (Flyball, 9D) | Batting: RHB Richard Bankhead | 0-0: Swinging Strike 0-1: Called Strike 0-2: Strikes out looking | Bottom of the 3rd over - 0 runs, 0 hits, 0 errors, 0 left on base; Greenville 0 - Springfield 5 | TOP OF THE 4TH |
---|
Greenville 84s batting - Pitching for Springfield Stars : LHP José López | Batting: RHB Carlos Torres | 0-0: Called Strike 0-1: Called Strike 0-2: Ball 1-2: Ball 2-2: Strikes out looking | Batting: LHB Paco Rosas | 0-0: Called Strike 0-1: Called Strike 0-2: Fly out, F9 (Line Drive, 9) | Batting: RHB Enzo Díaz | 0-0: Ball 1-0: Ball 2-0: Called Strike 2-1: Foul Ball, location: 2F 2-2: Foul Ball, location: 2F 2-2: Ball 3-2: Foul Ball, location: 2F 3-2: SINGLE (Groundball, 34D) | Batting: LHB Juan Cortés | 0-0: Ball Enzo Díaz steals 2nd base 1-0: Ball 2-0: Called Strike 2-1: Fly out, F5 (Popup, 15) | Top of the 4th over - 0 runs, 1 hit, 0 errors, 1 left on base; Greenville 0 - Springfield 5 | BOTTOM OF THE 4TH |
---|
Springfield Stars batting - Pitching for Greenville 84s : LHP Darrell Harding | Batting: RHB Juan Carlos Rodríguez | 0-0: Ball 1-0: Foul Ball, location: 2F 1-1: Foul Ball, location: 2F 1-2: Fly out, F6 (Line Drive, 6) | Batting: RHB Gabriel Erwin | 0-0: Ball 1-0: Ball 2-0: Called Strike 2-1: Ground out 1-3 (Groundball, 15S) | Batting: LHB Jesús Tobías | 0-0: Ball 1-0: Fly out, F7 (Flyball, 7LS) | Bottom of the 4th over - 0 runs, 0 hits, 0 errors, 0 left on base; Greenville 0 - Springfield 5 | TOP OF THE 5TH |
---|
Greenville 84s batting - Pitching for Springfield Stars : LHP José López | Pitching: RHP Kyu-pyeong Pak | | Batting: LHB Brock Larsen | 0-0: Foul Ball, location: 2F 0-1: Foul Ball, location: 2F 0-2: Ball 1-2: Ball 2-2: Ball 3-2: SINGLE (Groundball, 6D) | Batting: LHB Jimmy Vickers | 0-0: Ball 1-0: Called Strike 1-1: Ground out 4-3 (Groundball, 34) Brock Larsen to second | Batting: RHB Robert Buckley | 0-0: Called Strike 0-1: Ball 1-1: Ball 2-1: Foul Ball, location: 2F 2-2: Ground out 6-3 (Groundball, 56) | Batting: RHB Casey Fox | 0-0: Called Strike 0-1: Ball 1-1: Fly out, F7 (Flyball, 78M) | Top of the 5th over - 0 runs, 1 hit, 0 errors, 1 left on base; Greenville 0 - Springfield 5 | BOTTOM OF THE 5TH |
---|
Springfield Stars batting - Pitching for Greenville 84s : LHP Darrell Harding | Pitching: RHP Ricardo Quiñones | | Batting: LHB Derek Davidson | 0-0: Called Strike 0-1: Foul Ball, location: 2F 0-2: Ball 1-2: Foul Ball, location: 2F 1-2: Ball 2-2: Ball 3-2: Foul Ball, location: 2F 3-2: Base on Balls | Batting: RHB Norberto Taváres | 0-0: Ball 1-0: Called Strike 1-1: Ball 2-1: Foul Ball, location: 2F 2-2: Foul Ball, location: 2F 2-2: SINGLE (Groundball, 34) (infield hit) Derek Davidson to second | Batting: LHB Felipe Guerrero | 0-0: SINGLE (Flyball, 78M) Derek Davidson to third Norberto Taváres to second | Batting: LHB Elliott Newell | 0-0: Foul Ball, location: 2F 0-1: Ball 1-1: Swinging Strike 1-2: Ball 2-2: Strikes out swinging | Batting: SHB António De La Cruz | 0-0: Called Strike 0-1: Grounds into fielders choice 1-2 (Groundball, 13) Norberto Taváres to third Felipe Guerrero to second | Batting: RHB Richard Bankhead | 0-0: Foul Ball, location: 2F 0-1: SINGLE (Line Drive, 6M) Norberto Taváres scores Felipe Guerrero to third António De La Cruz to second Throwing error, E8 Felipe Guerrero scores António De La Cruz to third Richard Bankhead to second | Batting: RHB Juan Carlos Rodríguez | 0-0: Ball 1-0: Swinging Strike 1-1: Fly out, F7 (Flyball, 78M) | Bottom of the 5th over - 2 runs, 3 hits, 1 error, 2 left on base; Greenville 0 - Springfield 7 | TOP OF THE 6TH |
---|
Greenville 84s batting - Pitching for Springfield Stars : RHP Kyu-pyeong Pak | Batting: LHB Chris Moore | 0-0: Foul Ball, location: 2F 0-1: Fly out, F7 (Flyball, 7LS) | Batting: RHB Carlos Torres | 0-0: Called Strike 0-1: Swinging Strike 0-2: Ball 1-2: Ball 2-2: Ball 3-2: Base on Balls | Batting: LHB Paco Rosas | 0-0: Fielders Choice at 2nd, 4-6 (Groundball, 4) | Batting: RHB Enzo Díaz | 0-0: Ball 1-0: Foul Ball, location: 2F 1-1: Ground out 4-3 (Groundball, 4) | Top of the 6th over - 0 runs, 0 hits, 0 errors, 1 left on base; Greenville 0 - Springfield 7 | BOTTOM OF THE 6TH |
---|
Springfield Stars batting - Pitching for Greenville 84s : RHP Ricardo Quiñones | Batting: RHB Gabriel Erwin | 0-0: Foul Ball, location: 2F 0-1: Ball 1-1: Fly out, F9 (Flyball, 9D) | Pinch Hitting: SHB Giancarlo Giannini | 0-0: Called Strike 0-1: Ball 1-1: Called Strike 1-2: Ball 2-2: Fly out, F7 (Flyball, 7D) | Pinch Hitting: LHB Edward Rose | 0-0: Ball 1-0: Called Strike 1-1: Foul Ball, location: 2F 1-2: DOUBLE (Flyball, 89D) | Pinch Hitting: RHB Ed Watkins | 0-0: Called Strike 0-1: Called Strike 0-2: Strikes out swinging | Bottom of the 6th over - 0 runs, 1 hit, 0 errors, 1 left on base; Greenville 0 - Springfield 7 | TOP OF THE 7TH |
---|
Greenville 84s batting - Pitching for Springfield Stars : RHP Kyu-pyeong Pak | Now at 2B: Giancarlo Giannini | | Now at 3B: Ed Watkins | | Now at SS: José López | | Batting: LHB Juan Cortés | 0-0: Called Strike 0-1: Ball 1-1: Ball 2-1: Foul Ball, location: 2F 2-2: Ball 3-2: Foul Ball, location: 2F 3-2: Fly out, F4 (Popup, 4D) | Batting: LHB Brock Larsen | 0-0: Called Strike 0-1: Ball 1-1: Called Strike 1-2: Strikes out swinging | Batting: LHB Jimmy Vickers | 0-0: Called Strike 0-1: Called Strike 0-2: Fly out, F9 (Flyball, 9) | Top of the 7th over - 0 runs, 0 hits, 0 errors, 0 left on base; Greenville 0 - Springfield 7 | BOTTOM OF THE 7TH |
---|
Springfield Stars batting - Pitching for Greenville 84s : RHP Ricardo Quiñones | Batting: RHB Rusty Bennett | 0-0: Called Strike 0-1: Ball 1-1: Ball 2-1: Called Strike 2-2: Ball 3-2: Base on Balls | Batting: LHB Elliott Newell | 0-0: Ball 1-0: Foul Ball, location: 2F 1-1: SINGLE (Groundball, 4D) Rusty Bennett to second Runner from 2nd tries for 3rd, SAFE, throw made to third | Batting: SHB António De La Cruz | 0-0: Ball 1-0: Fly out, F6 (Popup, 56) | Batting: RHB Richard Bankhead | 0-0: Ball 1-0: Called Strike 1-1: Grounds into double play, 4-6-3 (Groundball, 4) | Bottom of the 7th over - 0 runs, 1 hit, 0 errors, 1 left on base; Greenville 0 - Springfield 7 | TOP OF THE 8TH |
---|
Greenville 84s batting - Pitching for Springfield Stars : RHP Kyu-pyeong Pak | Pitching: RHP Luis Cortéz | | Batting: RHB Robert Buckley | 0-0: Fly out, F9 (Flyball, 9S) | Batting: RHB Casey Fox | 0-0: Fly out, F9 (Flyball, 89S) | Batting: LHB Chris Moore | 0-0: Called Strike 0-1: Called Strike 0-2: Strikes out looking | Top of the 8th over - 0 runs, 0 hits, 0 errors, 0 left on base; Greenville 0 - Springfield 7 | BOTTOM OF THE 8TH |
---|
Springfield Stars batting - Pitching for Greenville 84s : RHP Ricardo Quiñones | Batting: RHB Juan Carlos Rodríguez | 0-0: Ground out 6-3 (Groundball, 6) | Batting: RHB Gabriel Erwin | 0-0: Called Strike 0-1: Ball 1-1: Foul Ball, location: 2F 1-2: Strikes out swinging | Batting: SHB Giancarlo Giannini | 0-0: Ball 1-0: Swinging Strike 1-1: Ball 2-1: SINGLE (Groundball, 4MD) | Batting: RHB José López | 0-0: Called Strike 0-1: SINGLE (Groundball, 4M) (infield hit) Giancarlo Giannini to second | Batting: RHB Ed Watkins | 0-0: Ground out U3 (Groundball, 34S) | Bottom of the 8th over - 0 runs, 2 hits, 0 errors, 2 left on base; Greenville 0 - Springfield 7 | TOP OF THE 9TH |
---|
Greenville 84s batting - Pitching for Springfield Stars : RHP Luis Cortéz | Now at 2B: Dave Henderson | | Batting: RHB Carlos Torres | 0-0: Called Strike 0-1: Ball 1-1: SINGLE (Groundball, 4D) | Batting: LHB Paco Rosas | 0-0: Swinging Strike 0-1: Ball 1-1: Ball 2-1: DOUBLE (Line Drive, 9D) Carlos Torres to third | Batting: RHB Enzo Díaz | 0-0: Called Strike 0-1: Called Strike 0-2: Ball 1-2: Fly out, F7 (Flyball, 7) Runner from 3rd tags up, SCORES, no throw | Pinch Hitting: LHB Robert Moore | 0-0: Ball 1-0: Called Strike 1-1: Ball 2-1: Called Strike 2-2: Ball 3-2: Base on Balls | Batting: LHB Brock Larsen | 0-0: Called Strike 0-1: Foul Ball, location: 2F 0-2: Ball 1-2: SINGLE (Groundball, 56) (infield hit) Paco Rosas to third Robert Moore to second | Batting: LHB Jimmy Vickers | 0-0: Fly out, F8 (Flyball, 8LXD) Runner from 3rd tags up, SCORES, no throw Robert Moore to third | Pinch Hitting: RHB Pat Fernández | 0-0: Foul Ball, location: 2F 0-1: Ground out 1-3 (Groundball, 15) | Top of the 9th over - 2 runs, 3 hits, 0 errors, 2 left on base; Greenville 2 - Springfield 7 | |